 Dungeon Crawl Stone Soup version 0.18-a0-1211-g828307d (webtiles) character file.

455 Duffy the Destroyer (level 6, -2/32 HPs)
             Began as a Deep Elf Conjurer on Feb 2, 2016.
             Slain by an ice beast (9 damage)
             ... on level 5 of the Dungeon.
             The game lasted 00:05:27 (2889 turns).

Duffy the Destroyer (Deep Elf Conjurer)             Turns: 2889, Time: 00:05:27

Health: -2/32      AC:  2    Str:  5    XL:     6   Next: 76%
Magic:  3/14       EV: 13    Int: 22    God:
Gold:   80         SH:  0    Dex: 15    Spells: 4 memorised, 1 level left

rFire  . . .     SeeInvis .     (no weapon)
rCold  . . .     Gourm    .     a - +0 robe
rNeg   . . .     Faith    .     (no shield)
rPois  .         Spirit   .     (no helmet)
rElec  .         Dismiss  .     (no cloak)
rCorr  .         Reflect  .     (no gloves)
SustAt .         Harm     .     (no boots)
MR     .....                    (no amulet)
Stlth  ++........               (no ring)
                                (no ring)

@: very slightly contaminated, not resistant to hostile enchantments, unstealthy
A: no striking features
a: no special abilities


You were on level 5 of the Dungeon.
You were not hungry.

You visited 1 branch of the dungeon, and saw 5 of its levels.
You also visited: Ossuary.

You collected 80 gold pieces.


   Skills:
 - Level 2.4 Dodging
 - Level 2.4 Stealth
 + Level 4.2 Spellcasting
 - Level 8.1 Conjurations
 + Level 3.2 Charms


You had one spell level left.
You knew the following spells:

 Your Spells              Type           Power        Failure   Level  Hunger
a - Magic Dart            Conj           ####         1%          1    None
i - Iskenderun's Battles  Conj/Chrm      ####....     34%         5    ######.
l - Iskenderun's Mystic   Conj           #####...     4%          4    ####...
s - Searing Ray           Conj           #####.       1%          2    #......

Inventory:

Missiles
 h - 5 curare-tipped needles
 l - 9 throwing nets (quivered)
Armour
 a - a +0 robe (worn)
Scrolls
 e - 5 scrolls of identify {unknown}
 f - 2 scrolls of enchant armour {unknown}
 i - 3 scrolls of teleportation {unknown}
 j - a scroll of holy word {unknown}
 k - a scroll of remove curse {unknown}
 q - 3 scrolls of immolation {unknown}
Potions
 d - a potion of resistance {unknown}
 g - a potion of lignification {unknown}
 m - 2 potions of curing {unknown}
 n - 3 potions of haste {unknown}
 p - a potion of brilliance {unknown}
 r - a potion of heal wounds {unknown}
Books
 b - a book of Conjurations
Comestibles
 c - a bread ration
 o - a beef jerky

Dungeon Overview and Level Annotations

Branches:
Dungeon (5/15)
 Temple: D:4-7

Altars:
Pakellas
Trog
Xom

Annotations:
D:5 Grinder


Message History

The ice beast is lightly wounded.
Cast which spell? (? or * to list)
Aiming: Magic Dart
Press: ? - help, Shift-Dir - straight line, f/p - ice beast
Aim: an ice beast The magic dart hits the ice beast.
The ice beast is lightly wounded.
Cast which spell? (? or * to list)
Aiming: Magic Dart
Press: ? - help, Shift-Dir - straight line, f/p - ice beast
Aim: an ice beast (lightly wounded)
The magic dart hits the ice beast.
The ice beast is lightly wounded.
Cast which spell? (? or * to list)
Aiming: Searing Ray
Press: ? - help, Shift-Dir - straight line, f/p - ice beast
Aim: an ice beast (lightly wounded)
You miscast Searing Ray.
You are very lightly contaminated with residual magic.
You smell something strange.
The ice beast hits you. The ice beast freezes you!
Cast which spell? (? or * to list)
Aiming: Searing Ray
Press: ? - help, Shift-Dir - straight line, f/p - ice beast
Aim: an ice beast (lightly wounded)
The searing ray hits the ice beast.
The ice beast is moderately wounded.
The ice beast barely misses you.
The searing ray hits the ice beast.
The ice beast is heavily wounded.
The ice beast hits you. The ice beast freezes you.
The searing ray hits the ice beast.
The ice beast is severely wounded.
The ice beast hits you. The ice beast freezes you!
You die...

.....#.....###..####~#
~~ ...............##
#~# } .............###
#~~ ...(.........#
#### .............#
.......<.....#
.............#
...........%.#
.........@..##
.....#...Y.##
########..## ##..##
##..#### #......#
#............
#.Y..._.......
...............


You could see an ice beast.

Action                   |  1- 3 |  4- 6 || total
-------------------------+-------+-------++-------
 Cast: Magic Dart        |    39 |    39 ||    78
       Searing Ray       |     4 |    21 ||    25
  Eat: Chunk             |       |     2 ||     2
       Bread ration      |       |     1 ||     1

Notes
Turn   | Place    | Note
--------------------------------------------------------------
     0 | D:1      | Duffy the Deep Elf Conjurer began the quest for the Orb.
     0 | D:1      | Reached XP level 1. HP: 10/10 MP: 6/6
   287 | D:1      | Reached XP level 2. HP: 15/15 MP: 5/8
   291 | D:1      | Learned a level 2 spell: Searing Ray
   294 | D:1      | Reached skill level 5 in Conjurations
   930 | D:4      | Reached XP level 3. HP: 19/19 MP: 4/9
   935 | D:4      | Reached skill level 6 in Conjurations
  1023 | D:4      | Reached XP level 4. HP: 20/24 MP: 5/10
  1148 | D:4      | Found an oddly glowing altar of Pakellas.
  1163 | D:4      | Noticed an ice beast
  1198 | D:4      | Found a sand-covered staircase.
  1205 | D:4      | Reached skill level 7 in Conjurations
  1205 | D:4      | Reached XP level 5. HP: 25/28 MP: 2/11
  1333 | Ossuary  | Entered an ossuary
  1860 | Ossuary  | Reached skill level 8 in Conjurations
  1860 | Ossuary  | Reached XP level 6. HP: 17/32 MP: 0/12
  2366 | Ossuary  | Learned a level 5 spell: Iskenderun's Battlesphere
  2429 | D:4      | Killed an ice beast
  2429 | D:4      | Reached skill level 2 in Charms
  2581 | D:4      | Learned a level 4 spell: Iskenderun's Mystic Blast
  2593 | D:4      | Reached skill level 4 in Spellcasting
  2781 | D:5      | Entered Level 5 of the Dungeon
  2809 | D:5      | Reached skill level 3 in Charms
  2851 | D:5      | Found a bloodstained altar of Trog.
  2851 | D:5      | Noticed Grinder
  2866 | D:5      | Found a shimmering altar of Xom.
  2873 | D:5      | Noticed an ice beast
  2889 | D:5      | Slain by an ice beast

Vault maps used:
D:1:      sevenhm_arrival_forest_fort_large_2
D:2:      first_bread, uniq_jessica, uniq_sigmund
D:4:      kennysheep_little_box, nicolae_ossuary_entry_ruins,
          minmay_misc_feat_iff, minmay_misc_feat_diagonals
D:5:      lightli_temple_of_fire, grunt_dithmenos_shadows,
          minmay_temple_entry_butterflies, basic_altar, amalloy_card_club,
          uniq_grinder, uniq_crazy_yiuf_cottage
Ossuary:  ossuary_the_hunt_dpeg

Vanquished Creatures
  An ice beast
  A centaur zombie
  4 hounds
  3 worker ants
  2 big kobold zombies
  4 mummies
  2 adders
  2 adder skeletons
  A worm
  A giant gecko
  2 orcs
  3 goblins
  5 hobgoblins
  3 kobolds
  A ball python
  A bat
  4 giant newts
  5 hobgoblin zombies
  4 rats
49 creatures vanquished.
